AoeStats
← nhathuynh.eco2017

African Clearing

505240267Analyzed
4v4 RM · 25d ago on Sep 8, 2026· 93m 6s· 8 players
Game mode
Random Map
Map size
Large (8 player)
Population
200
Speed
Normal
Resources
Standard
Victory
Conquest
Starting age
Dark Age
Ending age
Imperial Age
RankedLock teamsTeams togetherTeam positionsShared explorationLock speedFull tech treeHidden civsTurbo modeCheats
Victory
Defeat
🇻🇳 Franks · Vietnam
1402
+5
🇻🇳 Mongols · Vietnam
1125
+14
🇦🇷 Maya · Argentina
1080
+16
🇻🇳 Huns · Vietnam
871
+24
🇭🇰 Vietnamese · Hong Kong SAR China
1119
-16
🇨🇳 Spanish · China
1116
-16
🇭🇰 Magyars · Hong Kong SAR China
1115
-16
🇭🇰 Japanese · Hong Kong SAR China
1005
-11
nhathuynh.eco2017
8:16 Loom
13:17 Feudal Age
18:11 Castle Age
16:29 Double-Bit Axe
18:58 Wheelbarrow
19:21 Bow Saw
27:58 Fletching
36:36 Imperial Age
34:53 Town Watch
35:06 Gold Mining
35:24 Scale Barding Armor
36:06 Forging
37:23 Gold Shaft Mining
36:59 Cavalier
38:05 Husbandry
38:27 Chain Barding Armor
39:08 Iron Casting
39:20 Paladin
40:59 Plate Barding Armor
42:47 Blast Furnace
49:00 Light Cavalry
69:25 Elite Skirmisher
71:19 Bodkin Arrow
71:25 Padded Archer Armor
72:55 Leather Archer Armor
74:35 Ballistics
76:33 Chemistry
80:48 Hand Cart
ducthi.bds
3:57 Loom
13:43 Feudal Age
21:04 Castle Age
22:13 Castle Age
20:22 Scale Barding Armor
20:38 Bloodlines
20:43 Forging
20:39 Double-Bit Axe
20:53 Gold Mining
23:21 Chain Barding Armor
24:12 Wheelbarrow
25:55 Husbandry
28:45 Iron Casting
35:16 Stone Mining
36:01 Gold Shaft Mining
35:56 Horse Collar
42:49 Imperial Age
45:04 Heavy Camel Rider
47:48 Heavy Plow
51:42 Blast Furnace
63:12 Stone Shaft Mining
66:51 Capped Ram
71:22 Chemistry
70:53 Conscription
72:39 Siege Ram
73:57 Bow Saw
74:22 Drill
74:40 Hand Cart
79:24 Padded Archer Armor
79:14 Fletching
79:47 Ballistics
80:32 Bodkin Arrow
80:53 Leather Archer Armor
80:42 Elite Skirmisher
81:25 Bracer
81:28 Elite Steppe Lancer
Phước 8 Ngón
13:48 Feudal Age
14:43 Double-Bit Axe
21:04 Castle Age
19:07 Stone Mining
20:09 Gold Mining
21:00 Wheelbarrow
22:10 Horse Collar
24:09 Hand Cart
29:52 Scale Barding Armor
29:59 Forging
39:18 Iron Casting
40:48 Chain Barding Armor
44:25 Husbandry
44:37 Bloodlines
50:50 Imperial Age
49:55 Bow Saw
50:59 Cavalier
53:14 Town Watch
54:47 Elite Tarkan
60:04 Loom
60:19 Town Patrol
69:12 Heavy Plow
73:36 Two-Man Saw
74:40 Paladin
77:16 Murder Holes
78:28 Chemistry
80:42 Blast Furnace
82:13 Plate Barding Armor
85:05 Elite Skirmisher
85:53 Thumb Ring
86:05 Padded Archer Armor
85:55 Fletching
87:12 Leather Archer Armor
88:52 Bodkin Arrow
91:53 Ballistics
93:02 Bracer
Ryn
22:51 Feudal Age
24:10 Loom
28:25 Castle Age
30:56 Double-Bit Axe
33:22 Elite Skirmisher
35:12 Fletching
41:57 Bodkin Arrow
44:51 Wheelbarrow
44:18 Horse Collar
44:33 Gold Mining
48:19 Padded Archer Armor
50:30 Hand Cart
50:19 Heavy Plow
50:22 Scale Mail Armor
50:15 Stone Mining
50:47 Hul'che Javelineers
51:08 Pikeman
51:49 Squires
51:34 Arson
55:42 Imperial Age
55:37 Ballistics
56:44 Conscription
57:18 Stone Shaft Mining
56:11 Halberdier
57:53 Bracer
58:10 Chain Mail Armor
64:02 Chemistry
62:43 Treadmill Crane
63:19 Bow Saw
63:31 Capped Ram
64:50 Leather Archer Armor
65:06 Plate Mail Armor
65:15 Holcans
64:17 Elite Plumed Archer
67:20 Thumb Ring
72:49 Ring Archer Armor
79:33 Eagle Warrior
82:21 Two-Man Saw
81:52 Crop Rotation
80:56 Onager
87:42 Holcans
88:47 Elite Eagle Warrior
慈母守中線 游子身上E
14:21 Feudal Age
15:52 Loom
18:58 Castle Age
18:17 Double-Bit Axe
20:09 Bow Saw
20:43 Gold Mining
24:10 Fletching
26:20 Bodkin Arrow
26:53 Husbandry
26:58 Padded Archer Armor
33:52 Thumb Ring
35:02 Gold Shaft Mining
35:42 Leather Archer Armor
38:38 Ballistics
40:27 Masonry
49:36 Imperial Age
47:37 Scale Mail Armor
47:47 Forging
47:54 Pikeman
50:07 Squires
52:57 Bracer
53:35 Iron Casting
70:17 Elite Skirmisher
71:31 Imperial Skirmisher
80:44 Heavy Cavalry Archer
86:00 Chemistry
建興法師
16:17 Feudal Age
17:39 Loom
22:01 Castle Age
20:02 Double-Bit Axe
23:11 Bow Saw
23:41 Crossbowman
24:13 Fletching
24:12 Horse Collar
25:28 Padded Archer Armor
29:35 Pikeman
32:36 Bodkin Arrow
34:45 Ballistics
36:55 Heavy Plow
37:40 Gold Mining
41:44 Imperial Age
40:08 Leather Archer Armor
41:51 Arbalester
42:41 Thumb Ring
42:38 Bracer
43:10 Ring Archer Armor
44:29 Chemistry
45:32 Siege Engineers
46:12 Halberdier
46:54 Scale Mail Armor
47:05 Forging
47:26 Squires
48:42 Wheelbarrow
48:46 Chain Mail Armor
49:07 Iron Casting
52:36 Plate Mail Armor
54:06 Arson
61:26 Hand Cart
62:56 Elite Skirmisher
64:20 Imperial Skirmisher
伐伐伐伐伐木工
4:31 Loom
5:12 Loom
16:53 Feudal Age
17:20 Double-Bit Axe
18:37 Horse Collar
22:57 Castle Age
22:06 Bloodlines
22:05 Scale Barding Armor
23:55 Wheelbarrow
24:46 Husbandry
25:07 Light Cavalry
27:36 Chain Barding Armor
39:13 Imperial Age
37:11 Bow Saw
38:54 Hand Cart
39:09 Fletching
39:19 Padded Archer Armor
39:38 Cavalier
40:22 Stone Mining
40:23 Gold Mining
43:45 Hussar
44:51 Conscription
45:39 Chemistry
46:03 Gold Shaft Mining
46:41 Ballistics
46:28 Bodkin Arrow
50:22 Two-Man Saw
50:33 Bracer
50:49 Leather Archer Armor
50:17 Treadmill Crane
51:22 Recurve Bow
51:34 Thumb Ring
51:54 Parthian Tactics
51:56 Heavy Cavalry Archer
54:43 Masonry
59:57 Coinage
71:24 Heavy Plow
75:49 Banking
84:00 Town Watch
飘叶
13:37 Feudal Age
18:06 Castle Age
16:20 Double-Bit Axe
16:50 Loom
18:49 Wheelbarrow
23:38 Husbandry
27:20 Bloodlines
28:05 Fletching
29:34 Horse Collar
30:05 Bow Saw
33:48 Imperial Age
31:49 Heavy Plow
32:00 Stone Mining
32:54 Scale Barding Armor
32:49 Padded Archer Armor
33:26 Gold Mining
34:54 Conscription
38:55 Two-Man Saw
37:17 Cavalier
39:11 Forging
39:20 Leather Archer Armor
41:29 Iron Casting
41:25 Ring Archer Armor
41:19 Chain Barding Armor
43:19 Blast Furnace
43:54 Stone Shaft Mining
43:10 Paladin
51:31 Pikeman
51:57 Gambesons
52:57 Squires
53:56 Fletching
55:05 Ring Archer Armor
55:28 Hand Cart
58:55 Plate Barding Armor
71:45 Hand Cart
Connection lost

Rejoining the realm…

Still unreachable

The connection could not be restored.

Session expired

The server has moved on; the page needs a fresh start.